cohdb
Replays
Latest Replays
All Replays
Popular Replays
Top Player Replays
Match Explorer
How It Works
Community
CoH3 Stats
Reddit
Sign in to upload your games and track your stats! →
Sign in with Steam
Match 41191724
Unlisted
Match 41191724
Overview
Messages
Build Orders
End
Construct Section Command Post
Vickers Machine Gun Team
Dingo Light Scout Car
Royal Engineer Section
ML 3-inch Mortar Team
Selects Canadian Shock Battlegroup
Construct Platoon Command Post
Selects Attacking Spirit
Selects Canadian Shock Section
Canadian Shock Section
6-pounder Anti-tank Gun Team
Construct Company Command Post
Selects Smoke Operation
6-pounder Anti-tank Gun Team
Smoke Operation
Unlock M3 Grant Medium Tanks
M3 Grant Medium Tank
CMP 15cwt Truck
Smoke Operation
M3 Grant Medium Tank
Smoke Operation
Canadian Shock Section
Selects Burnout
Selects Pyrotechnics
M3 Grant Medium Tank
M3 Grant Medium Tank
Smoke Operation
Royal Engineer Section
Starfucker
CantCNC
[MM] Mircin
Noch
[HAN]Diederick Kastner
月夜笑猫
Papperlapapp
Luft Waffle
0
0
Comments
sign in to comment!
No comments posted yet!